 Dungeon Crawl Stone Soup version 0.26-a0-20-g5f92b90fa0 (webtiles) character file.

Game seed: 7407727343318876271, levelgen mode: deterministic

30 Esekla the Magician (level 3, -3/20 HPs)
             Began as a Deep Elf Wanderer on May 25, 2020.
             Slain by a kobold
             ... wielding a +0 short sword
              (4 damage)
             ... on level 2 of the Dungeon.
             The game lasted 00:08:05 (1304 turns).

Esekla the Magician (Deep Elf Wanderer)             Turns: 1304, Time: 00:08:06

Health: -3/20      AC:  2    Str: 11    XL:     3   Next: 3%
Magic:  2/10       EV: 11    Int: 17    God:
Gold:   67         SH:  0    Dex: 12    Spells: 5/9 levels left

rFire    . . .     SeeInvis .   e - +0 short sword
rCold    . . .     Gourm    .   (no shield)
rNeg     . . .     Faith    .   d - +0 robe
rPois    .         Spirit   .   (no helmet)
rElec    .         Reflect  .   (no cloak)
rCorr    .         Harm     .   (no gloves)
MR       .....                  (no boots)
Stlth    ++........             (no amulet)
HPRegen  0.06/turn              (no ring)
MPRegen  0.12/turn              (no ring)

@: no status effects
A: no striking features
a: no special abilities


You were on level 2 of the Dungeon.
You were not hungry.

You visited 1 branch of the dungeon, and saw 2 of its levels.

You collected 67 gold pieces.

Inventory:

Hand Weapons
 e - a +0 short sword (weapon)
Armour
 d - a +0 robe (worn)
Wands
 h - a wand of disintegration (18)
Scrolls
 a - a scroll of magic mapping {unknown}
 c - a scroll of teleportation
Potions
 b - 2 potions of curing {unknown}
Comestibles
 f - a ration
 g - a chunk of flesh


   Skills:
 - Level 1.0 Fighting
 + Level 0.7 Short Blades
   Level 1.1 Bows
 + Level 1.0 Armour
 * Level 0.5 Dodging
 + Level 1.5 Stealth
 * Level 3.9 Spellcasting
 * Level 0.8 Conjurations
   Level 2.1 Summonings
 * Level 0.2 Translocations
 * Level 0.6 Air Magic
   Level 1.1 Poison Magic
 + Level 1.1 Evocations


You had 5 spell levels left.
You knew the following spells:

 Your Spells              Type           Power        Failure   Level  Hunger
b - Blink                 Tloc           N/A          22%         2    ##.....
d - Magic Dart            Conj           #...         12%         1    None
e - Shock                 Conj/Air       #...         12%         1    None

Your spell library contained the following spells:

 Spells                   Type           Power        Failure   Level  Hunger
 Call Imp                 Summ           ##......     10%         2    ##.....
 Slow                     Hex            #.......     24%         2    ##.....
 Mephitic Cloud           Conj/Pois/Air  #.......     34%         3    ###....
 Static Discharge         Conj/Air       #.......     34%         3    ###....
 Conjure Flame            Conj/Fire      #.......     38%         3    ###....


Dungeon Overview and Level Annotations

Branches:
Dungeon (2/15)

Altars:


Message History

Press: ? - help, Shift-Dir - straight line The zap hits the kobold but does no damage. x2
The kobold hits you with a +0 short sword.
* * * LOW HITPOINT WARNING * * *
Casting: Shock (safe; 12% risk of failure)
Confirm with . or Enter, or press ? or * to list all spells.
Aiming: Shock (safe; 12% risk of failure)
Press: ? - help, Shift-Dir - straight line The zap hits the kobold but does no damage.
The zap misses the kobold.
The kobold hits you with a +0 short sword.
* * * LOW HITPOINT WARNING * * *
Casting: Shock (safe; 12% risk of failure)
Confirm with . or Enter, or press ? or * to list all spells.
Aiming: Shock (safe; 12% risk of failure)
Press: ? - help, Shift-Dir - straight line The zap hits the kobold but does no damage.
The zap misses the kobold.
The kobold hits you with a +0 short sword.
You die...

#......# #.####.####### #.#
#........ #.############
#.............
#####################
###########...........#########
..............................÷
#######.###..K@.......#########
#.# #...........# ## #.#
############# #. #.#### #.
#....# #. #.(..# #. #.†..# #.
#.#....######## ########.
.....†............ .......†>


You could see a kobold.

Vanquished Creatures
  An adder (D:2)
  2 leopard geckos (D:1)
  5 bats
  A giant cockroach (D:1)
  A goblin (D:1)
  A jackal (D:2)
  A ball python (D:1)
  3 kobolds (D:1)
  3 rats
18 creatures vanquished.

Notes
Turn   | Place    | Note
-------+----------+-------------------------------------------
     0 | D:1      | Esekla the Deep Elf Wanderer began the quest for the Orb.
     0 | D:1      | Esekla set off with the following items: a +0 dagger, a
                  | scroll of teleportation, a +0 robe, a ration; and the
                  | following spells available to memorise: Call Imp, Magic
                  | Dart, Shock, Blink, Slow, Mephitic Cloud, Conjure Flame,
                  | Static Discharge
     0 | D:1      | Reached XP level 1. HP: 12/12 MP: 6/6
     2 | D:1      | Learned a level 1 spell: Magic Dart
     4 | D:1      | Learned a level 1 spell: Shock
   445 | D:1      | Reached XP level 2. HP: 13/16 MP: 5/8
   449 | D:1      | Learned a level 2 spell: Blink
  1274 | D:2      | Reached XP level 3. HP: 10/20 MP: 2/10
  1303 | D:2      | HP: 1/20 [kobold/+0 short sword (5)]
  1304 | D:2      | Slain by a kobold

Illustrated notes

Levels and vault maps discovered:
D:1:      lordsloth_arrival_two_stooges, layout_basic, minmay_tripent
D:2:      minmay_angry_zag, layout_basic, first_ration,
          makhleb_blood_cavern_becter

Action                   || total
-------------------------++-------
Melee: Short sword       ||    28
       Dagger            ||     1
 Cast: Magic Dart        ||    15
       Shock             ||    21
 Stab: Sleeping          ||     2
  Eat: Chunk             ||     1
Armor: Robe              ||    16
Dodge: Dodged            ||    33

Table legend:
 A = Non-vault XP
 B = Vault XP
 C = Vault XP percentage of total XP
 D = Non-vault monster count
 E = Vault monster count
 F = Vault count percentage of total count
                 A         B        C        D         E       F
            +---------+---------+-------+---------+---------+-------
      Total |      38 |       5 |  11.6 |      16 |       2 |  11.1
            +---------+---------+-------+---------+---------+-------
        D:1 |      20 |       5 |  20.0 |      12 |       2 |  14.3
        D:2 |      18 |       0 |   0.0 |       4 |       0 |   0.0
            +---------+---------+-------+---------+---------+-------
